 Dungeon Crawl Stone Soup version 0.28.0-53-g5a82cb258f (webtiles) character file.

Game seed: 10919028947943370105

12560 Sin92 the Spear-Bearer (level 11, -9/81 (89) HPs)
             Began as a Demonspawn Fighter on July 4, 2022.
             Was a High Priest of Okawaru.
             Killed from afar by Josephine (21 damage)
             ... with a ghostly fireball
             ... on level 11 of the Dungeon.
             The game lasted 00:22:13 (11592 turns).

Sin92 the Spear-Bearer (Demonspawn Fighter)        Turns: 11592, Time: 00:22:13

HP:   -9/81 (89)    AC: 36    Str: 22    XL:     11   Next: 64%
MP:   12/13         EV:  8    Int:  9    God:    Okawaru [*****.]
Gold: 636           SH:  6    Dex: 18    Spells: 10/10 levels left

rFire   . . .      SeeInvis +   G - +1 trident (protect)
rCold   . . .      Faith    .   c - +0 buckler
rNeg    . . .      Spirit   .   m - +0 plate armour
rPois   .          Reflect  .   z - +2 helmet {SInv}
rElec   .          Harm     .   k - +1 cloak
rCorr   .          Rampage  .   w - +2 pair of gloves
Will    .....                   s - +0 pair of boots
Stlth   ..........              g - amulet of magic regeneration
HPRegen 0.23/turn               f - +6 ring of dexterity
MPRegen 0.53/turn               E - +4 ring of protection

@: finesse-ful, under a protective aura, slowed, drained, invisible, very slow
A: thin metallic scales 1, (demonic guardian 1), foul stench 2, weakness stinger
2
a: Renounce Religion, Heroism, Finesse, Duel


You were on level 11 of the Dungeon.
You worshipped Okawaru.
Okawaru was extremely pleased with you.
You visited 2 branches of the dungeon, and saw 12 of its levels.
You also visited: Ossuary.

You collected 636 gold pieces.

Inventory:

Hand Weapons
 G - a +1 trident of protection (weapon)
Missiles
 i - 4 boomerangs of dispersal (quivered)
 y - 2 javelins
Armour
 c - a +0 buckler (worn)
 k - a +1 cloak (worn)
 m - a +0 plate armour (worn)
 s - a +0 pair of boots (worn)
 u - the +1 helmet "Paaduirgha" {Stlth+}
   (You found it on level 4 of the Dungeon)

   Stlth:     It makes you more stealthy.
 w - a +2 pair of gloves (worn)
 z - a +2 helmet of see invisible (worn)
Jewellery
 f - a +6 ring of dexterity (left hand)
 g - an amulet of magic regeneration (around neck)
 E - a +4 ring of protection (right hand)
Wands
 a - a wand of polymorph (7)
 r - a wand of acid (9)
Scrolls
 j - 2 scrolls of blinking
 q - 5 scrolls of teleportation
 t - 3 scrolls of identify
 x - a scroll of fog
Potions
 d - 2 potions of might
 h - 5 potions of curing
 o - 5 potions of haste
 v - a potion of mutation
 A - 2 potions of invisibility
 B - a potion of berserk rage


   Skills:
 + Level 9.6 Fighting
 * Level 11.8 Polearms
 + Level 6.7 Armour
 - Level 5.2 Dodging
 - Level 1.2 Stealth
 + Level 6.7 Shields
 + Level 3.2 Invocations


You had 10 spell levels left.
You didn't know any spells.
Your spell library contained the following spells:

 Spells                   Type           Power      Damage    Failure   Level
 Beastly Appendage        Tmut           0%         N/A       100%        1
 Magic Dart               Conj           0%         1d3       100%        1
 Sandblast                Erth           0%         2d4       100%        1
 Ensorcelled Hibernation  Hex/Ice        0%         N/A       100%        2
 Passwall                 Tmut/Erth      0%         N/A       100%        2
 Searing Ray              Conj           0%         2d4       100%        2
 Wereblood                Tmut           0%         N/A       100%        2
 Dazzling Flash           Conj/Hex       0%         N/A       100%        3
 Ignite Poison            Fire/Tmut/Pois 0%         N/A       100%        3
 Inner Flame              Hex/Fire       0%         N/A       100%        3
 Mephitic Cloud           Conj/Pois/Air  0%         N/A       100%        3
 Spider Form              Tmut/Pois      0%         N/A       100%        3
 Stone Arrow              Conj/Erth      0%         3d7       100%        3
 Swiftness                Air            0%         N/A       100%        3
 Anguish                  Hex/Necr       0%         N/A       100%        4
 Cause Fear               Hex            0%         N/A       100%        4
 Fulminant Prism          Conj/Hex       0%         3d6       100%        4
 Agony                    Necr           0%         N/A       100%        5
 Borgnjor's Vile Clutch   Necr/Erth      0%         N/A       100%        5
 Freezing Cloud           Conj/Ice/Air   0%         6-21      100%        5
 Silence                  Hex/Air        0%         N/A       100%        5
 Eringya's Noxious Bog    Tmut/Pois      0%         N/A       100%        6
 Discord                  Hex            0%         N/A       100%        8
 Animate Dead             Necr           Unusable   N/A       N/A         4
 Summon Forest            Summ/Tloc      Unusable   N/A       N/A         5
 Death Channel            Necr           Unusable   N/A       N/A         6
 Summon Hydra             Summ           Unusable   N/A       N/A         7

Dungeon Overview and Level Annotations

Branches:
Dungeon (11/15)            Temple (1/1) D:5            Lair (0/6) D:10
Ossuary (visited)
    Orc: D:9-12

Altars:
Elyvilon
Fedhas
Gozag
Hepliaklqana
Makhleb
Okawaru
Qazlal
Ru
Trog
Vehumet
The Shining One

Portals:
Trove: D:10 (give 2 scrolls of acquirement)

Annotations:
D:11 Josephine


Innate Abilities, Weirdness & Mutations

You are partially covered in thin metallic scales. (AC +2)
((A weak demonic guardian rushes to your aid.))
You sometimes emit foul miasma when damaged in melee.
You have a tail ending in a sharp stinger.


Message History

Josephine is moderately wounded.
Josephine hits you but does no damage.
You barely miss Josephine. You tail-slap Josephine.
Josephine is moderately wounded.
The wraith hits you but does no damage.
You hit Josephine.
Josephine is moderately wounded.
Josephine barely misses you.
You puncture Josephine!
Josephine is heavily wounded.
The wraith hits you. The wraith drains your vigour!
You feel yourself slow down.
You emit a cloud of foul miasma!
You closely miss Josephine.
Josephine is heavily wounded.
Josephine barely misses you.
You hit Josephine.
Josephine is heavily wounded.
Josephine draws life force from you!!
* * * LOW HITPOINT WARNING * * *
Josephine is healed by the life force!
The wraith hits you but does no damage.
Unknown command.
You hit Josephine but do no damage.
Josephine is moderately wounded.
Josephine gestures at you while chanting.
The ghostly flame explodes!
The ghostly fireball engulfs you!
You feel drained.
* * * LOW HITPOINT WARNING * * *
The ghostly fireball engulfs the wraith.
The wraith completely resists.
The ghostly fireball engulfs Josephine.
Josephine completely resists.
You fade into invisibility!
Josephine closely misses you.
The gargoyle hurls a stone arrow at you.
The stone arrow hits the wraith!!
The wraith hits you but does no damage. Josephine hits you but does no damage.
The wraith hits you but does no damage.
You hit Josephine.
Josephine is moderately wounded.
Josephine points at you and mumbles some strange words.
The ghostly flame explodes!
The ghostly fireball engulfs you!!
You feel drained.
You die...

..#..### #..#. .. .......#
....## ... ..#.####
....###.. ....# ........
##### ##...#.# # #......
##### #..#.#.#
#...################......#
#.#.........))))@WW9)##.###
....#############@#### .#
##### #.# .. #.# ### #.#
#.# #.# #.. ###


You could see Josephine (fast), 2 wraiths and a gargoyle.

Vanquished Creatures
  A deep elf pyromancer (D:8)
  A cyclops (D:7)
  Joseph (D:10)
  An unseen horror (D:9)
  A troll (D:11)
  3 hornets
  Prince Ribbit (D:8)
  A basilisk (D:10)
  16 yaks
  4 wraiths (D:11)
  7 wyverns
  A steam dragon (D:8)
  3 water moccasins
  2 ice beasts
  7 orc warriors
  5 black bears
  A sky beast (D:6)
  3 necrophages
  6 centaurs
  2 kobold brigands
  2 elf zombies (Ossuary)
  3 bullfrogs
  2 gnoll sergeants (D:9)
  5 scorpions
  A wyvern zombie (D:6)
  5 wights (D:8)
  10 howler monkeys
  An electric eel (D:9)
  6 centaur zombies
  2 human zombies (Ossuary)
  3 hounds
  A gnoll shaman (D:8)
  7 orc priests
  2 iguanas
  15 orc wizards
  A hound zombie (Ossuary)
  3 mummies (Ossuary)
  3 howler monkey zombies
  13 gnolls
  2 adders
  A white imp (D:5)
  An ufetubus (D:4)
  4 adder zombies (Ossuary)
  3 worms
  31 orcs
  5 ball pythons
  2 bats (D:1)
  12 endoplasms
  6 giant cockroaches
  2 goblins
  6 hobgoblins
  19 kobolds
  6 quokkas
  7 frilled lizards
  6 goblin zombies (Ossuary)
  A hobgoblin zombie (Ossuary)
  5 jackal zombies (Ossuary)
  2 kobold zombies (Ossuary)
  3 quokka zombies (Ossuary)
  22 rats
  4 rat zombies (Ossuary)
  A butterfly (D:6)
303 creatures vanquished.

Vanquished Creatures (others)
  A wizard (D:10)
  An orc wizard (D:8)
  5 fungi (D:10)
  23 plants
30 creatures vanquished.

Grand Total: 333 creatures vanquished

Notes
Turn   | Place    | Note
-------+----------+-------------------------------------------
     0 | D:1      | Sin92 the Demonspawn Fighter began the quest for the Orb.
     0 | D:1      | Reached XP level 1. HP: 18/18 MP: 1/1
   107 | D:1      | Reached skill level 2 in Polearms
   268 | D:1      | Gained mutation: A weak demonic guardian rushes to your
                  | aid. [demonic ancestry]
   268 | D:1      | Reached XP level 2. HP: 24/24 MP: 2/2
   453 | D:1      | Found a faded altar of an unknown god.
  1035 | D:2      | Reached XP level 3. HP: 10/29 MP: 3/3
  1459 | D:2      | Found a sacrificial altar of Ru.
  1955 | D:2      | Reached skill level 8 in Polearms
  1955 | D:2      | Gained mutation: You may rarely emit foul miasma when
                  | damaged in melee. [demonic ancestry]
  1955 | D:2      | Reached XP level 4. HP: 41/41 MP: 4/4
  2606 | D:3      | Gained mutation: You sometimes emit foul miasma when
                  | damaged in melee. [demonic ancestry]
  2606 | D:3      | Reached XP level 5. HP: 41/47 MP: 5/5
  3564 | D:4      | Identified the +1 helmet "Paaduirgha" {Stlth+}
  3601 | D:5      | Entered Level 5 of the Dungeon
  3824 | D:5      | Gained mutation: You have a small tail. [demonic ancestry]
  3824 | D:5      | Reached XP level 6. HP: 51/55 MP: 6/6
  3849 | D:5      | Noticed a water moccasin
  3855 | D:5      | Killed a water moccasin
  3882 | D:5      | Noticed an ice beast
  3895 | D:5      | Killed an ice beast
  3896 | D:5      | Found a staircase to the Ecumenical Temple.
  3919 | Temple   | Entered the Ecumenical Temple
  3927 | Temple   | Became a worshipper of Warmaster Okawaru
  3962 | D:5      | Reached skill level 1 in Stealth
  3962 | D:5      | Gained mutation: You are partially covered in thin metallic
                  | scales. (AC +2) [demonic ancestry]
  3962 | D:5      | Reached XP level 7. HP: 60/60 MP: 7/7
  3974 | D:5      | Reached skill level 1 in Dodging
  4015 | D:5      | Identified the +2 spear of Defiance {vorpal, Int+3 Dex-4
                  | Stlth+}
  4399 | D:6      | Reached * piety under Okawaru
  4537 | D:6      | Gained mutation: You have a tail ending in a sharp stinger.
                  | [demonic ancestry]
  4537 | D:6      | Reached XP level 8. HP: 57/67 MP: 8/8
  4849 | D:7      | Reached skill level 9 in Polearms
  4921 | D:7      | Noticed a cyclops
  4930 | D:7      | Killed a cyclops
  4930 | D:7      | Reached ** piety under Okawaru
  5193 | D:7      | Reached XP level 9. HP: 63/74 MP: 9/9
  5260 | D:7      | Found a sand-covered staircase.
  5265 | Ossuary  | Entered an ossuary
  5452 | Ossuary  | Reached *** piety under Okawaru
  6156 | D:8      | Noticed a deep elf pyromancer
  6163 | D:8      | Killed a deep elf pyromancer
  6329 | D:8      | Reached skill level 10 in Polearms
  6360 | D:8      | Noticed Prince Ribbit
  6368 | D:8      | Killed Prince Ribbit
  6369 | D:8      | Reached skill level 5 in Shields
  6433 | D:8      | Reached skill level 5 in Armour
  6438 | D:8      | Reached **** piety under Okawaru
  6476 | D:8      | Reached XP level 10. HP: 20/77 MP: 10/10
  7058 | D:8      | Found a burning altar of Makhleb.
  7065 | D:8      | Found a stormy altar of Qazlal.
  7068 | D:8      | Found a radiant altar of Vehumet.
  7075 | D:8      | Found an opulent altar of Gozag.
  8014 | D:9      | Identified the +10 spear of Ru's Grace {holy, Contam rElec
                  | SInv Stlth+}
  8538 | D:9      | Paralysed by a hornet for 2 turns
  8683 | D:9      | Reached ***** piety under Okawaru
  8940 | D:9      | Paralysed by a hornet for 2 turns
  8950 | D:9      | Paralysed by a hornet for 1 turns
  9239 | D:9      | Reached skill level 11 in Polearms
  9295 | D:9      | Found a hazy altar of Hepliaklqana.
  9499 | D:10     | Entered Level 10 of the Dungeon
  9505 | D:10     | Noticed Joseph
  9524 | D:10     | Killed Joseph
  9525 | D:10     | Reached XP level 11. HP: 72/89 MP: 11/11
  9676 | D:10     | Reached skill level 5 in Dodging
 10082 | D:10     | Received a gift from Okawaru
 10283 | D:10     | Found a staircase to the Lair.
 10300 | D:10     | Reached skill level 1 in Invocations
 10485 | D:10     | Found a portal to a secret trove of treasure.
 10576 | D:10     | Found a bloodstained altar of Trog.
 10577 | D:10     | Noticed a wizard
 10583 | D:10     | Killed a wizard
 11423 | D:11     | Noticed Josephine
 11592 | D:11     | Killed from afar by Josephine

Illustrated notes

Levels and vault maps discovered:
D:1:      nzn_arrival_settlement, layout_basic,
          chequers_ecumenical_altar_simple_redux, corexii_hall_statues_t,
          minmay_distorted
D:2:      layout_basic, basic_altar, corner_web_ring, hangedman_decor_riveting
D:3:      layout_basic, minmay_rat_hole
D:4:      layout_loops_corners
D:5:      layout_cave_pools, temple_statues
D:6:      layout_basic, nicolae_elyvilon_peaceful_grove
D:7:      layout_basic, nicolae_ossuary_entry_plus, st_stairs_9
D:8:      layout_rooms, nicolae_overflow_hallway_of_the_gods,
          uniq_prince_ribbit1
D:9:      layout_irregular_city, kennysheep_little_box, minmay_misc_feat_alley,
          minmay_misc_feat_tiny, chequers_big_river
D:10:     layout_rooms, trog_wizard, minmay_lair_entry_grove,
          nicolae_trove_entry_columns, uniq_joseph
D:11:     layout_loops_ring, david_orc_4, nicolae_qazlal_eye_of_the_storm,
          uniq_josephine
Temple:   dpeg_chambers_temple

Skill      XL: |  1  2  3  4  5  6  7  8  9 10 11 |
---------------+----------------------------------+-----
Polearms       | 2 8 9 10 11 | 11.8
Armour         | 3 4 5 6 |  6.7
Shields        | 3 4 5 6 |  6.7
Fighting       | 6 7 8 9 |  9.6
Stealth        | 1 |  1.2
Dodging        | 1 2 3 4 5 |  5.2
Invocations    | 3 |  3.2

Action                   |  1- 3 |  4- 6 |  7- 9 | 10-12 || total
-------------------------+-------+-------+-------+-------++-------
Melee: Trident           |   122 |   159 |   430 |   703 ||  1414
       Tailslap          |       |     3 |    76 |   115 ||   194
Invok: Heroism           |       |       |     1 |     1 ||     2
       Finesse           |       |       |       |     1 ||     1
  Use: Scroll            |     5 |     4 |     5 |     1 ||    15
       Potion            |     1 |       |     4 |     1 ||     6
 Stab: Sleeping          |       |       |     1 |       ||     1
Armor: Scale mail        |    51 |    43 |   159 |    12 ||   265
       Plate armour      |       |       |       |   377 ||   377
Dodge: Dodged            |    32 |    42 |   157 |   219 ||   450
Block: Buckler           |    19 |    30 |    81 |   139 ||   269
